Blackdemons vs Senators
(R1)
Created - 5 mars 2016 at 21:51
Goals
|
| Blackdemons |
1 |
5 |
0 |
6 |
| Senators |
0 |
4 |
0 |
4 |
|
Shots
|
| Blackdemons |
8 |
14 |
10 |
32 |
| Senators |
10 |
23 |
7 |
40 |
|
1st period
1. Blackdemons , Michael Haley 13 (Shawn Matthias, Barry Tallackson) at 14:17
Penalties :
Zach Boychuk (MJM) for Tripping (Minor) at 15:21
2nd period
2. Senators , Vernon Fiddler 34 (Logan Stephenson, Stanislav Chistov) at 1:33
3. Senators , Vernon Fiddler 35 (Stanislav Chistov, Sergei Kostitsyn) at 1:49
4. Blackdemons , Shawn Matthias 24 (Barry Tallackson) at 4:36
5. Blackdemons , Zach Boychuk 45 (Enver Lisin) at 7:52
6. Blackdemons , Patrice Cormier 16 (Zach Boychuk, Enver Lisin) at 10:18
7. Senators , Vernon Fiddler 36 (Sergei Kostitsyn) at 11:57
8. Senators , Cody Hodgson 28 (Steven Goertzen) at 12:09
9. Blackdemons , Scott Timmins 3 (Mathieu Dandenault) at 15:04
10. Blackdemons , Zach Boychuk 46 (Matt Hunwick, Jakub Kindl) at 15:42 (PP)
Penalties :
Jakub Kindl (MJM) for Hooking (Minor) at 8:12, Zach Boychuk (MJM) for Tripping (Minor) at 12:23, Stanislav Chistov (BIN) for Roughing (Minor) at 15:26, Steven Goertzen (BIN) for Hooking (Minor) at 18:12
3rd period
No Goal
Penalties :
Scott Timmins (MJM) for Hooking (Minor) at 2:43, Mark Olver (BIN) for Holding (Minor) at 8:02, Patrick Wey (BIN) for Tripping (Minor) at 10:36, Calvin de Haan (MJM) for Hooking (Minor) at 14:57, Eric Wellwood (MJM) for Tripping (Minor) at 18:33
Goalie Stats
Chris Mason (MJM), 36 saves from 40 shots - (0,900), W, 29-11-3, 60:00 minutes
Alexander Salak (BIN), 14 saves from 16 shots - (0,875), L, 7-4-2, 29:42 minutes
Jonas Gustavsson (BIN), 12 saves from 16 shots - (0,750), 30:18 minutes
Players Stats for Blackdemons
Player Name G A P +/- PIM S H SB GA TA FO MP PP MP PK MP
------------------------------------------------------------------------------------
Andrew MacDonald 0 0 0 0 0 1 1 2 0 0 0/0 20:47 1:34 4:48
Barry Tallackson 0 2 2 1 0 0 0 0 2 0 4/11 19:29 2:01 5:52
Bryan Rust 0 0 0 1 0 0 0 0 0 0 0/0 6:46 0:00 0:00
Calvin de Haan 0 0 0 3 2 1 1 0 0 0 0/0 11:37 0:00 1:00
Enver Lisin 0 2 2 -1 0 8 2 1 1 1 1/2 20:02 4:05 0:00
Eric Wellwood 0 0 0 0 2 0 0 0 1 0 0/0 10:01 0:00 2:43
Jakub Kindl 0 1 1 -2 2 4 0 3 0 0 0/0 27:36 4:39 5:33
Mathieu Dandenault 0 1 1 1 0 0 2 1 0 0 0/0 10:42 0:07 3:01
Matt Hunwick 0 1 1 -1 0 2 2 5 0 3 0/0 28:43 4:39 6:33
Matt Irwin 0 0 0 0 0 1 1 3 0 0 0/0 20:47 1:34 4:48
Michael Haley 1 0 1 1 0 1 2 0 0 0 0/0 14:36 2:01 1:27
Patrice Cormier 1 0 1 -1 0 1 3 1 0 0 8/27 16:13 0:07 0:07
Richard Park 0 0 0 0 0 0 0 1 1 1 0/0 14:11 0:00 6:24
Scott Timmins 1 0 1 1 2 2 1 0 0 0 1/5 7:41 0:07 0:07
Shawn Matthias 1 1 2 1 0 2 3 0 0 0 11/15 13:09 2:01 0:00
Steve Oleksy 0 0 0 2 0 0 1 0 1 0 0/0 10:30 0:00 0:00
Wayne Primeau 0 0 0 0 0 2 0 0 0 0 5/8 15:11 4:05 3:01
Zach Boychuk 2 1 3 -1 4 7 2 0 1 0 0/0 20:32 4:05 0:00
Players Stats for Senators
Player Name G A P +/- PIM S H SB GA TA FO MP PP MP PK MP
------------------------------------------------------------------------------------
Brett Sterling 0 0 0 1 0 1 1 0 0 0 0/0 18:07 5:26 1:07
Cody Hodgson 1 0 1 1 0 2 1 1 0 1 8/14 18:12 5:26 1:28
Dylan Hunter 0 0 0 -1 0 2 1 0 1 0 2/2 8:49 0:00 0:00
Erik Karlsson 0 0 0 0 0 5 1 0 0 0 0/0 28:45 6:43 3:29
Jack Skille 0 0 0 -1 0 4 1 0 0 0 0/0 9:41 0:12 0:00
Johan Larsson 0 0 0 -1 0 0 1 0 0 0 0/0 6:56 0:00 0:00
Logan Stephenson 0 1 1 0 0 1 0 1 0 2 0/0 20:12 4:38 2:44
Mark Olver 0 0 0 -1 2 3 1 0 0 1 3/4 9:40 0:12 0:00
Martin Marincin 0 0 0 -1 0 0 0 0 0 1 0/0 11:03 0:00 0:00
Matt Frattin 0 0 0 -1 0 1 1 0 0 0 0/0 9:26 0:02 1:48
Milan Jurcina 0 0 0 0 0 1 2 5 0 0 0/0 28:45 6:43 3:29
Nick Bjugstad 0 0 0 -1 0 0 2 0 0 0 1/6 7:15 0:00 0:03
Patrick Wey 0 0 0 -1 2 1 0 0 1 0 0/0 11:05 0:00 0:00
Sergei Kostitsyn 0 2 2 0 0 3 3 0 0 0 0/1 21:37 5:53 1:28
Shane Sims 0 0 0 0 0 3 2 1 0 2 0/0 20:12 4:38 2:44
Stanislav Chistov 0 2 2 0 2 5 3 0 0 0 3/5 23:19 5:43 3:10
Steven Goertzen 0 1 1 1 2 2 2 0 0 0 1/2 16:54 5:26 0:00
Vernon Fiddler 3 0 3 0 0 6 3 2 3 0 20/34 23:45 5:43 3:22
3 Stars
1 - Vernon Fiddler (BIN)
2 - Shawn Matthias (MJM)
3 - Zach Boychuk (MJM)
Power Play
Blackdemons - 1 on 4 Attempt(s) - 25,00%
Senators - 0 on 6 Attempt(s) - 0,00%
Penalty Kill
Blackdemons - 6 on 6 Attempt(s) - 100,00%
- Score 0 goal in Penalty Kill
Senators - 3 on 4 Attempt(s) - 75,00%
- Score 0 goal in Penalty Kill
Team Stat
Blackdemons - Hits : 21 - Faceoff Wins : 30 - Blocked Shots : 17 - Penalty Minutes : 12
Senators - Hits : 25 - Faceoff Wins : 38 - Blocked Shots : 10 - Penalty Minutes : 8
Official
Referees : LaRue Dennis and Hasenfratz Mike
Linesman : Ryan Galloway and Don Henderson
Game Notes
Alexander Salak enters game at 10:18 of 2nd period
Vernon Fiddler has scored a Hat Trick!
Finance
Level 1 -- Attendance: 1388 (69,40%) -- Ticket Income 41 640 $
Level 2 -- Attendance: 810 (81,00%) -- Ticket Income 8 100 $
Total Attendance: 2198 (73,27%)
Total Ticket Income: 49 740 $
Other Income: 2 487 $
Total Income: 52 227 $
Blackdemons
5 vs 5 Forward
Center Left Wing Right Wing Time % Phy DF OF
1 Patrice Cormier Zach Boychuk Enver Lisin 40 1 2 2
2 Shawn Matthias Michael Haley Barry Tallackson 30 1 2 2
3 Wayne Primeau Eric Wellwood Richard Park 20 1 2 2
4 Scott Timmins Mathieu Dandenault Bryan Rust 10 1 2 2
5 vs 5 Defense
Defense Defense Time % Phy DF OF
1 Matt Hunwick Jakub Kindl 40 1 2 2
2 Matt Irwin Andrew MacDonald 30 1 2 2
3 Steve Oleksy Calvin de Haan 20 1 2 2
4 Matt Hunwick Jakub Kindl 10 1 2 2
PowerPlay Forward
Center Left Wing Right Wing Time % Phy DF OF
1 Wayne Primeau Zach Boychuk Enver Lisin 60 1 2 2
2 Shawn Matthias Michael Haley Barry Tallackson 40 1 2 2
PowerPlay Defense
Defense Defense Time % Phy DF OF
1 Matt Hunwick Jakub Kindl 60 1 2 2
2 Matt Irwin Andrew MacDonald 40 1 2 2
Penalty Kill 4 Players Forward
Center Wing Time % Phy DF OF
1 Barry Tallackson Richard Park 60 1 2 2
2 Mathieu Dandenault Wayne Primeau 40 1 2 2
Penalty Kill 4 Players Defense
Defense Defense Time % Phy DF OF
1 Matt Hunwick Jakub Kindl 60 1 2 2
2 Matt Irwin Andrew MacDonald 40 1 2 2
Penalty Kill - 3 Players Forward
Forward Time % Phy DF OF
1 Mathieu Dandenault 60 1 2 2
2 Richard Park 40 1 2 2
Penalty Kill - 3 Players Defense
Defense Defense Time % Phy DF OF
1 Matt Hunwick Jakub Kindl 60 1 2 2
2 Matt Irwin Andrew MacDonald 40 1 2 2
4 vs 4 Forward
Center Wing Time % Phy DF OF
1 Barry Tallackson Richard Park 60 1 2 2
2 Mathieu Dandenault Wayne Primeau 40 1 2 2
4 vs 4 Defense
Defense Defense Time % Phy DF OF
1 Matt Hunwick Jakub Kindl 60 1 2 2
2 Matt Irwin Andrew MacDonald 40 1 2 2
Last Minutes Offensive
Center Left Wing Right Wing Defense Defense
Wayne Primeau Zach Boychuk Barry Tallackson Matt Hunwick Matt Irwin
Last Minutes Defensive
Center Left Wing Right Wing Defense Defense
Wayne Primeau Zach Boychuk Barry Tallackson Matt Hunwick Jakub Kindl
Goaltenders
Starting : Chris Mason
Backup : Andrew Hammond
Extra Forwards
Normal : Scott Timmins, Patrice Cormier, Eric Wellwood - PP : Scott Timmins, Patrice Cormier - PK : Eric Wellwood
Extra Defensemen
Normal : Steve Oleksy, Calvin de Haan, Matt Irwin - PP : Steve Oleksy - PK : Calvin de Haan, Matt Irwin
Penalty Shots
Barry Tallackson, Enver Lisin, Mathieu Dandenault, Wayne Primeau, Shawn Matthias
Senators
5 vs 5 Forward
Center Left Wing Right Wing Time % Phy DF OF
1 Vernon Fiddler Sergei Kostitsyn Stanislav Chistov 38 1 2 2
2 Cody Hodgson Brett Sterling Steven Goertzen 29 1 2 2
3 Mark Olver Dylan Hunter Jack Skille 20 1 2 2
4 Nick Bjugstad Johan Larsson Matt Frattin 13 1 2 2
5 vs 5 Defense
Defense Defense Time % Phy DF OF
1 Milan Jurcina Erik Karlsson 40 1 2 2
2 Logan Stephenson Shane Sims 30 1 2 2
3 Patrick Wey Martin Marincin 20 1 2 2
4 Milan Jurcina Erik Karlsson 10 1 2 2
PowerPlay Forward
Center Left Wing Right Wing Time % Phy DF OF
1 Vernon Fiddler Sergei Kostitsyn Stanislav Chistov 60 0 2 3
2 Cody Hodgson Brett Sterling Steven Goertzen 40 0 2 3
PowerPlay Defense
Defense Defense Time % Phy DF OF
1 Milan Jurcina Erik Karlsson 60 1 2 2
2 Logan Stephenson Shane Sims 40 1 2 2
Penalty Kill 4 Players Forward
Center Wing Time % Phy DF OF
1 Vernon Fiddler Stanislav Chistov 60 0 3 2
2 Sergei Kostitsyn Cody Hodgson 40 0 3 2
Penalty Kill 4 Players Defense
Defense Defense Time % Phy DF OF
1 Milan Jurcina Erik Karlsson 60 1 2 2
2 Logan Stephenson Shane Sims 40 1 2 2
Penalty Kill - 3 Players Forward
Forward Time % Phy DF OF
1 Vernon Fiddler 60 0 3 2
2 Stanislav Chistov 40 0 3 2
Penalty Kill - 3 Players Defense
Defense Defense Time % Phy DF OF
1 Milan Jurcina Erik Karlsson 60 1 2 2
2 Logan Stephenson Shane Sims 40 1 2 2
4 vs 4 Forward
Center Wing Time % Phy DF OF
1 Vernon Fiddler Stanislav Chistov 60 1 2 2
2 Sergei Kostitsyn Cody Hodgson 40 1 2 2
4 vs 4 Defense
Defense Defense Time % Phy DF OF
1 Milan Jurcina Erik Karlsson 60 1 2 2
2 Logan Stephenson Shane Sims 40 1 2 2
Last Minutes Offensive
Center Left Wing Right Wing Defense Defense
Vernon Fiddler Sergei Kostitsyn Stanislav Chistov Milan Jurcina Erik Karlsson
Last Minutes Defensive
Center Left Wing Right Wing Defense Defense
Vernon Fiddler Sergei Kostitsyn Stanislav Chistov Milan Jurcina Erik Karlsson
Goaltenders
Starting : Jonas Gustavsson
Backup : Alexander Salak
Extra Forwards
Normal : Jack Skille, Mark Olver, Matt Frattin - PP : Jack Skille, Mark Olver - PK : Matt Frattin
Extra Defensemen
Normal : Patrick Wey, Martin Marincin, Logan Stephenson - PP : Patrick Wey - PK : Martin Marincin, Logan Stephenson
Penalty Shots
Vernon Fiddler, Stanislav Chistov, Sergei Kostitsyn, Cody Hodgson, Steven Goertzen
% Time on Ice - Blackdemons
Lines # - Real PCT - Wanted PCT - Time Play
Normal Forward
1 - 39% - 40% - 16:40
2 - 28% - 30% - 11:41
3 - 17% - 20% - 7:19
4 - 16% - 10% - 6:46
Normal Defense
1 - 37% - 40% - 15:30
2 - 34% - 30% - 14:25
3 - 25% - 20% - 10:30
4 - 5% - 10% - 2:01
PP Forward
1 - 68% - 60% - 4:12
2 - 32% - 40% - 2:01
PP Defense
1 - 75% - 60% - 4:39
2 - 25% - 40% - 1:34
PK Forward
1 - 73% - 60% - 8:20
2 - 27% - 40% - 3:01
PK Defense
1 - 58% - 60% - 6:33
2 - 42% - 40% - 4:48
PK3 Forward
1 - 0% - 60%
2 - 0% - 40%
PK3 Defense
1 - 0% - 60%
2 - 0% - 40%
44 Forward
1 - 0% - 60%
2 - 0% - 40%
44 Defense
1 - 0% - 60%
2 - 0% - 40%
Last Minute Offensive - 0:00
Last Minute Defensive - 0:00
Total
Forward - 60:00
Defense - 60:00
|
% Time on Ice - Senators
Lines # - Real PCT - Wanted PCT - Time Play
Normal Forward
1 - 36% - 38% - 15:23
2 - 27% - 29% - 11:18
3 - 21% - 20% - 8:49
4 - 16% - 13% - 6:56
Normal Defense
1 - 39% - 40% - 16:34
2 - 30% - 30% - 12:50
3 - 26% - 20% - 11:03
4 - 5% - 10% - 1:59
PP Forward
1 - 52% - 60% - 5:55
2 - 48% - 40% - 5:26
PP Defense
1 - 59% - 60% - 6:43
2 - 41% - 40% - 4:38
PK Forward
1 - 76% - 60% - 4:45
2 - 24% - 40% - 1:28
PK Defense
1 - 56% - 60% - 3:29
2 - 44% - 40% - 2:44
PK3 Forward
1 - 0% - 60%
2 - 0% - 40%
PK3 Defense
1 - 0% - 60%
2 - 0% - 40%
44 Forward
1 - 0% - 60%
2 - 0% - 40%
44 Defense
1 - 0% - 60%
2 - 0% - 40%
Last Minute Offensive - 0:00
Last Minute Defensive - 0:00
Total
Forward - 60:00
Defense - 60:00
|
Play by Play
1st period
0:01 of 1st period - Vernon Fiddler wins face-off versus Patrice Cormier in neutral zone.
0:17 of 1st period - Off-side.
0:18 of 1st period - Shawn Matthias wins face-off versus Cody Hodgson in neutral zone.
0:43 of 1st period - Shane Sims is hit by Andrew MacDonald and loses puck.
0:54 of 1st period - Slapshot by Wayne Primeau.
0:54 of 1st period - Shot Misses the Net.
1:49 of 1st period - Snap shot by Barry Tallackson.
1:49 of 1st period - Shot Misses the Net.
2:00 of 1st period - Steve Oleksy is hit by Sergei Kostitsyn and loses puck.
2:15 of 1st period - Snap shot by Mark Olver.
2:15 of 1st period - Stopped by Chris Mason with a rebound.
2:17 of 1st period - Snap shot by Patrick Wey.
2:17 of 1st period - Shot Misses the Net.
2:19 of 1st period - Slapshot by Patrick Wey.
2:19 of 1st period - Stopped by Chris Mason with a rebound.
2:37 of 1st period - Wrist shot by Matt Frattin.
2:37 of 1st period - Deflect By Nick Bjugstad.
2:37 of 1st period - Shot Misses the Net.
2:37 of 1st period - Puck is out of play.
2:38 of 1st period - Patrice Cormier wins face-off versus Nick Bjugstad in Blackdemons zone.
3:03 of 1st period - Milan Jurcina is hit by Michael Haley.
3:09 of 1st period - Wrist shot by Shawn Matthias.
3:09 of 1st period - Shot Misses the Net.
3:15 of 1st period - Matt Irwin is hit by Vernon Fiddler and loses puck.
4:05 of 1st period - Icing by Dylan Hunter.
4:06 of 1st period - Mark Olver wins face-off versus Enver Lisin in Senators zone.
5:18 of 1st period - Wrist shot by Zach Boychuk.
5:18 of 1st period - Shot Blocked by Shane Sims.
6:13 of 1st period - Wrist shot by Jack Skille.
6:13 of 1st period - Stopped by Chris Mason without a rebound.
6:14 of 1st period - Mark Olver wins face-off versus Wayne Primeau in Blackdemons zone.
6:32 of 1st period - Icing by Wayne Primeau.
6:33 of 1st period - Vernon Fiddler wins face-off versus Wayne Primeau in Blackdemons zone.
7:03 of 1st period - Snap shot by Enver Lisin.
7:03 of 1st period - Stopped by Jonas Gustavsson without a rebound.
7:04 of 1st period - Vernon Fiddler wins face-off versus Patrice Cormier in Senators zone.
7:11 of 1st period - Martin Marincin is hit by Zach Boychuk and loses puck.
7:20 of 1st period - Wrist shot by Vernon Fiddler.
7:20 of 1st period - Stopped by Chris Mason with a rebound.
7:52 of 1st period - Wrist shot by Enver Lisin.
7:52 of 1st period - Stopped by Jonas Gustavsson with a rebound.
7:58 of 1st period - Slapshot by Enver Lisin.
7:58 of 1st period - Stopped by Jonas Gustavsson without a rebound.
7:59 of 1st period - Vernon Fiddler wins face-off versus Shawn Matthias in Senators zone.
8:08 of 1st period - Snap shot by Barry Tallackson.
8:08 of 1st period - Shot Blocked by Vernon Fiddler.
8:10 of 1st period - Wrist shot by Michael Haley.
8:10 of 1st period - Shot Blocked by Milan Jurcina.
8:33 of 1st period - Snap shot by Steven Goertzen.
8:33 of 1st period - Stopped by Chris Mason without a rebound.
8:34 of 1st period - Cody Hodgson wins face-off versus Shawn Matthias in Blackdemons zone.
9:25 of 1st period - Slapshot by Erik Karlsson.
9:25 of 1st period - Deflect By Dylan Hunter.
9:25 of 1st period - Stopped by Chris Mason with a rebound.
10:02 of 1st period - Nick Bjugstad is hit by Shawn Matthias and loses puck.
10:25 of 1st period - Vernon Fiddler is hit by Scott Timmins and loses puck.
10:42 of 1st period - Matt Hunwick is hit by Shane Sims.
11:26 of 1st period - Eric Wellwood is hit by Vernon Fiddler and loses puck.
11:39 of 1st period - Vernon Fiddler is hit by Zach Boychuk and loses puck.
11:52 of 1st period - Icing by Matt Hunwick.
11:53 of 1st period - Shawn Matthias wins face-off versus Steven Goertzen in Blackdemons zone.
12:27 of 1st period - Snap shot by Zach Boychuk.
12:27 of 1st period - Shot Misses the Net.
12:29 of 1st period - Snap shot by Enver Lisin.
12:29 of 1st period - Stopped by Jonas Gustavsson with a rebound.
12:49 of 1st period - Snap shot by Stanislav Chistov.
12:49 of 1st period - Shot Misses the Net.
13:09 of 1st period - Snap shot by Matt Frattin.
13:09 of 1st period - Stopped by Chris Mason without a rebound.
13:10 of 1st period - Steven Goertzen wins face-off versus Patrice Cormier in Blackdemons zone.
13:17 of 1st period - Snap shot by Enver Lisin.
13:17 of 1st period - Shot Hit the Post.
13:25 of 1st period - Erik Karlsson is hit by Enver Lisin and loses puck.
13:42 of 1st period - Backhand shot by Sergei Kostitsyn.
13:42 of 1st period - Stopped by Chris Mason without a rebound.
13:43 of 1st period - Shawn Matthias wins face-off versus Vernon Fiddler in Blackdemons zone.
14:05 of 1st period - Slapshot by Jakub Kindl.
14:05 of 1st period - Shot Blocked by Milan Jurcina.
14:13 of 1st period - Backhand shot by Barry Tallackson.
14:13 of 1st period - Shot Misses the Net.
14:15 of 1st period - Wrist shot by Shawn Matthias.
14:15 of 1st period - Shot Blocked by Milan Jurcina.
14:17 of 1st period - Slapshot by Michael Haley.
14:17 of 1st period - Goal by Michael Haley - Blackdemons : 1 - Senators : 0.
14:18 of 1st period - Cody Hodgson wins face-off versus Patrice Cormier in neutral zone.
14:34 of 1st period - Off-side.
14:35 of 1st period - Shawn Matthias wins face-off versus Sergei Kostitsyn in neutral zone.
14:42 of 1st period - Slapshot by Erik Karlsson.
14:42 of 1st period - Stopped by Chris Mason without a rebound.
14:43 of 1st period - Shawn Matthias wins face-off versus Vernon Fiddler in Blackdemons zone.
14:52 of 1st period - Slapshot by Stanislav Chistov.
14:52 of 1st period - Shot Misses the Net.
14:58 of 1st period - Snap shot by Sergei Kostitsyn.
14:58 of 1st period - Stopped by Chris Mason with a rebound.
15:08 of 1st period - Wrist shot by Barry Tallackson.
15:08 of 1st period - Shot Blocked by Cody Hodgson.
15:21 of 1st period - Minor Penalty to Zach Boychuk for Tripping.
15:22 of 1st period - Barry Tallackson wins face-off versus Stanislav Chistov in Blackdemons zone.
15:51 of 1st period - Wrist shot by Cody Hodgson.
15:51 of 1st period - Shot Blocked by Richard Park.
15:53 of 1st period - Slapshot by Shane Sims.
15:53 of 1st period - Shot Blocked by Matt Hunwick.
15:55 of 1st period - Snap shot by Cody Hodgson.
15:55 of 1st period - Shot Blocked by Jakub Kindl.
15:57 of 1st period - Backhand shot by Logan Stephenson.
15:57 of 1st period - Deflect By Cody Hodgson.
15:57 of 1st period - Shot Misses the Net.
15:57 of 1st period - Puck is out of play.
15:58 of 1st period - Vernon Fiddler wins face-off versus Barry Tallackson in Blackdemons zone.
17:21 of 1st period - Penalty to Zach Boychuk is over, Zach Boychuk is back on ice.
17:39 of 1st period - Slapshot by Zach Boychuk.
17:39 of 1st period - Stopped by Jonas Gustavsson with a rebound.
18:08 of 1st period - Vernon Fiddler is hit by Calvin de Haan and loses puck.
18:21 of 1st period - Martin Marincin is hit by Steve Oleksy and loses puck.
19:04 of 1st period - Snap shot by Scott Timmins.
19:04 of 1st period - Stopped by Jonas Gustavsson without a rebound.
19:05 of 1st period - Nick Bjugstad wins face-off versus Scott Timmins in Senators zone.
19:18 of 1st period - Bryan Rust is hit by Nick Bjugstad and loses puck.
19:31 of 1st period - Sergei Kostitsyn is hit by Patrice Cormier and loses puck.
19:42 of 1st period - Snap shot by Enver Lisin.
19:42 of 1st period - Stopped by Jonas Gustavsson without a rebound.
19:43 of 1st period - Wayne Primeau wins face-off versus Cody Hodgson in Senators zone.
Goals for this period are 1 for Blackdemons vs 0 for Senators.
Shots for this period are 8 for Blackdemons vs 10 for Senators.
2nd period
0:01 of 2nd period - Vernon Fiddler wins face-off versus Patrice Cormier in neutral zone.
0:25 of 2nd period - Steven Goertzen is hit by Shawn Matthias and loses puck.
0:46 of 2nd period - Eric Wellwood is hit by Jack Skille and loses puck.
1:09 of 2nd period - Slapshot by Matt Hunwick.
1:09 of 2nd period - Shot Misses the Net.
1:29 of 2nd period - Wrist shot by Stanislav Chistov.
1:29 of 2nd period - Shot Misses the Net.
1:31 of 2nd period - Slapshot by Logan Stephenson.
1:31 of 2nd period - Shot Blocked by Patrice Cormier.
1:33 of 2nd period - Slapshot by Vernon Fiddler.
1:33 of 2nd period - Goal by Vernon Fiddler - Blackdemons : 1 - Senators : 1.
1:34 of 2nd period - Stanislav Chistov wins face-off versus Patrice Cormier in neutral zone.
1:45 of 2nd period - Snap shot by Vernon Fiddler.
1:45 of 2nd period - Stopped by Chris Mason with a rebound.
1:47 of 2nd period - Wrist shot by Vernon Fiddler.
1:47 of 2nd period - Shot Misses the Net.
1:49 of 2nd period - Snap shot by Vernon Fiddler.
1:49 of 2nd period - Goal by Vernon Fiddler - Blackdemons : 1 - Senators : 2.
1:50 of 2nd period - Patrice Cormier wins face-off versus Vernon Fiddler in neutral zone.
2:42 of 2nd period - Snap shot by Matt Frattin.
2:42 of 2nd period - Shot Misses the Net.
2:44 of 2nd period - Wrist shot by Shane Sims.
2:44 of 2nd period - Stopped by Chris Mason with a rebound.
3:30 of 2nd period - Snap shot by Sergei Kostitsyn.
3:30 of 2nd period - Shot Blocked by Matt Hunwick.
3:36 of 2nd period - Jakub Kindl is hit by Sergei Kostitsyn and loses puck.
3:53 of 2nd period - Snap shot by Wayne Primeau.
3:53 of 2nd period - Stopped by Jonas Gustavsson without a rebound.
3:54 of 2nd period - Patrice Cormier wins face-off versus Cody Hodgson in Senators zone.
4:19 of 2nd period - Milan Jurcina is hit by Mathieu Dandenault and loses puck.
4:30 of 2nd period - Snap shot by Mathieu Dandenault.
4:30 of 2nd period - Shot Blocked by Milan Jurcina.
4:32 of 2nd period - Snap shot by Calvin de Haan.
4:32 of 2nd period - Stopped by Jonas Gustavsson without a rebound.
4:33 of 2nd period - Shawn Matthias wins face-off versus Vernon Fiddler in Senators zone.
4:34 of 2nd period - Snap shot by Barry Tallackson.
4:34 of 2nd period - Shot Misses the Net.
4:36 of 2nd period - Snap shot by Shawn Matthias.
4:36 of 2nd period - Goal by Shawn Matthias - Blackdemons : 2 - Senators : 2.
4:37 of 2nd period - Vernon Fiddler wins face-off versus Patrice Cormier in neutral zone.
4:42 of 2nd period - Matt Irwin is hit by Erik Karlsson and loses puck.
4:57 of 2nd period - Andrew MacDonald is hit by Milan Jurcina.
5:10 of 2nd period - Off-side.
5:11 of 2nd period - Shawn Matthias wins face-off versus Cody Hodgson in neutral zone.
5:48 of 2nd period - Cody Hodgson is hit by Shawn Matthias and loses puck.
6:08 of 2nd period - Wrist shot by Brett Sterling.
6:08 of 2nd period - Shot Blocked by Andrew MacDonald.
6:10 of 2nd period - Slapshot by Brett Sterling.
6:10 of 2nd period - Stopped by Chris Mason without a rebound.
6:11 of 2nd period - Vernon Fiddler wins face-off versus Patrice Cormier in Blackdemons zone.
6:12 of 2nd period - Wrist shot by Stanislav Chistov.
6:12 of 2nd period - Shot Blocked by Andrew MacDonald.
6:18 of 2nd period - Wrist shot by Vernon Fiddler.
6:18 of 2nd period - Stopped by Chris Mason without a rebound.
6:19 of 2nd period - Vernon Fiddler wins face-off versus Patrice Cormier in Blackdemons zone.
6:24 of 2nd period - Slapshot by Stanislav Chistov.
6:24 of 2nd period - Stopped by Chris Mason with a rebound.
6:41 of 2nd period - Icing by Zach Boychuk.
6:42 of 2nd period - Patrice Cormier wins face-off versus Mark Olver in Blackdemons zone.
6:57 of 2nd period - Snap shot by Dylan Hunter.
6:57 of 2nd period - Shot Misses the Net.
7:07 of 2nd period - Slapshot by Matt Irwin.
7:07 of 2nd period - Stopped by Jonas Gustavsson with a rebound.
7:09 of 2nd period - Slapshot by Andrew MacDonald.
7:09 of 2nd period - Stopped by Jonas Gustavsson with a rebound.
7:11 of 2nd period - Snap shot by Enver Lisin.
7:11 of 2nd period - Deflect By Zach Boychuk.
7:11 of 2nd period - Stopped by Jonas Gustavsson without a rebound.
7:12 of 2nd period - Vernon Fiddler wins face-off versus Patrice Cormier in Senators zone.
7:12 of 2nd period - Vernon Fiddler is hit by Patrice Cormier.
7:37 of 2nd period - Vernon Fiddler is hit by Patrice Cormier and loses puck.
7:50 of 2nd period - Snap shot by Zach Boychuk.
7:50 of 2nd period - Shot Blocked by Milan Jurcina.
7:52 of 2nd period - Snap shot by Zach Boychuk.
7:52 of 2nd period - Goal by Zach Boychuk - Blackdemons : 3 - Senators : 2.
7:53 of 2nd period - Cody Hodgson wins face-off versus Shawn Matthias in neutral zone.
8:10 of 2nd period - Steven Goertzen is hit by Matt Hunwick and loses puck.
8:12 of 2nd period - Minor Penalty to Jakub Kindl for Hooking.
8:13 of 2nd period - Vernon Fiddler wins face-off versus Barry Tallackson in Blackdemons zone.
8:48 of 2nd period - Slapshot by Milan Jurcina.
8:48 of 2nd period - Shot Blocked by Matt Hunwick.
9:40 of 2nd period - Sergei Kostitsyn is hit by Matt Irwin and loses puck.
10:12 of 2nd period - Penalty to Jakub Kindl is over, Jakub Kindl is back on ice.
10:18 of 2nd period - Slapshot by Zach Boychuk.
10:18 of 2nd period - Deflect By Patrice Cormier.
10:18 of 2nd period - Goal by Patrice Cormier - Blackdemons : 4 - Senators : 2.
10:18 of 2nd period - Alexander Salak enters game.
10:19 of 2nd period - Dylan Hunter wins face-off versus Patrice Cormier in neutral zone.
10:29 of 2nd period - Snap shot by Jack Skille.
10:29 of 2nd period - Stopped by Chris Mason without a rebound.
10:30 of 2nd period - Vernon Fiddler wins face-off versus Patrice Cormier in Blackdemons zone.
10:40 of 2nd period - Backhand shot by Vernon Fiddler.
10:40 of 2nd period - Shot Misses the Net.
10:42 of 2nd period - Slapshot by Erik Karlsson.
10:42 of 2nd period - Stopped by Chris Mason without a rebound.
10:43 of 2nd period - Vernon Fiddler wins face-off versus Patrice Cormier in Blackdemons zone.
10:50 of 2nd period - Snap shot by Stanislav Chistov.
10:50 of 2nd period - Deflect By Sergei Kostitsyn.
10:50 of 2nd period - Shot Hit the Post.
10:50 of 2nd period - Puck is out of play.
10:51 of 2nd period - Vernon Fiddler wins face-off versus Patrice Cormier in Blackdemons zone.
10:52 of 2nd period - Snap shot by Stanislav Chistov.
10:52 of 2nd period - Stopped by Chris Mason without a rebound.
10:53 of 2nd period - Patrice Cormier wins face-off versus Vernon Fiddler in Blackdemons zone.
10:53 of 2nd period - Patrice Cormier is hit by Stanislav Chistov.
11:35 of 2nd period - Wrist shot by Stanislav Chistov.
11:35 of 2nd period - Stopped by Chris Mason with a rebound.
11:37 of 2nd period - Backhand shot by Stanislav Chistov.
11:37 of 2nd period - Shot Misses the Net.
11:39 of 2nd period - Snap shot by Stanislav Chistov.
11:39 of 2nd period - Stopped by Chris Mason with a rebound.
11:41 of 2nd period - Wrist shot by Erik Karlsson.
11:41 of 2nd period - Stopped by Chris Mason with a rebound.
11:43 of 2nd period - Wrist shot by Sergei Kostitsyn.
11:43 of 2nd period - Stopped by Chris Mason with a rebound.
11:45 of 2nd period - Slapshot by Milan Jurcina.
11:45 of 2nd period - Shot Blocked by Matt Hunwick.
11:57 of 2nd period - Wrist shot by Vernon Fiddler.
11:57 of 2nd period - Deflect By Jakub Kindl.
11:57 of 2nd period - Goal by Vernon Fiddler - Blackdemons : 4 - Senators : 3.
11:58 of 2nd period - Cody Hodgson wins face-off versus Barry Tallackson in neutral zone.
12:01 of 2nd period - Slapshot by Shane Sims.
12:01 of 2nd period - Deflect By Matt Irwin.
12:01 of 2nd period - Stopped by Chris Mason without a rebound.
12:02 of 2nd period - Cody Hodgson wins face-off versus Shawn Matthias in Blackdemons zone.
12:09 of 2nd period - Snap shot by Cody Hodgson.
12:09 of 2nd period - Goal by Cody Hodgson - Blackdemons : 4 - Senators : 4.
12:10 of 2nd period - Cody Hodgson wins face-off versus Patrice Cormier in neutral zone.
12:15 of 2nd period - Snap shot by Cody Hodgson.
12:15 of 2nd period - Stopped by Chris Mason with a rebound.
12:17 of 2nd period - Snap shot by Steven Goertzen.
12:17 of 2nd period - Stopped by Chris Mason with a rebound.
12:19 of 2nd period - Slapshot by Erik Karlsson.
12:19 of 2nd period - Stopped by Chris Mason without a rebound.
12:20 of 2nd period - Patrice Cormier wins face-off versus Cody Hodgson in Blackdemons zone.
12:20 of 2nd period - Patrice Cormier is hit by Steven Goertzen.
12:23 of 2nd period - Minor Penalty to Zach Boychuk for Tripping.
12:24 of 2nd period - Barry Tallackson wins face-off versus Vernon Fiddler in Blackdemons zone.
12:32 of 2nd period - Wrist shot by Richard Park.
12:32 of 2nd period - Deflect By Barry Tallackson.
12:32 of 2nd period - Shot Misses the Net.
12:32 of 2nd period - Puck is out of play.
12:33 of 2nd period - Barry Tallackson wins face-off versus Vernon Fiddler in Senators zone.
13:59 of 2nd period - Slapshot by Erik Karlsson.
13:59 of 2nd period - Shot Misses the Net.
14:01 of 2nd period - Slapshot by Milan Jurcina.
14:01 of 2nd period - Stopped by Chris Mason without a rebound.
14:02 of 2nd period - Stanislav Chistov wins face-off versus Barry Tallackson in Blackdemons zone.
14:23 of 2nd period - Penalty to Zach Boychuk is over, Zach Boychuk is back on ice.
15:04 of 2nd period - Slapshot by Scott Timmins.
15:04 of 2nd period - Goal by Scott Timmins - Blackdemons : 5 - Senators : 4.
15:05 of 2nd period - Vernon Fiddler wins face-off versus Patrice Cormier in neutral zone.
15:10 of 2nd period - Wrist shot by Stanislav Chistov.
15:10 of 2nd period - Shot Misses the Net.
15:26 of 2nd period - Minor Penalty to Stanislav Chistov for Roughing.
15:27 of 2nd period - Wayne Primeau wins face-off versus Vernon Fiddler in Senators zone.
15:36 of 2nd period - Slapshot by Zach Boychuk.
15:36 of 2nd period - Shot Misses the Net.
15:38 of 2nd period - Slapshot by Jakub Kindl.
15:38 of 2nd period - Stopped by Alexander Salak with a rebound.
15:40 of 2nd period - Slapshot by Matt Hunwick.
15:40 of 2nd period - Shot Blocked by Vernon Fiddler.
15:42 of 2nd period - Snap shot by Zach Boychuk.
15:42 of 2nd period - Goal by Zach Boychuk - Blackdemons : 6 - Senators : 4.
15:43 of 2nd period - Cody Hodgson wins face-off versus Patrice Cormier in neutral zone.
16:46 of 2nd period - Icing by Matt Irwin.
16:47 of 2nd period - Scott Timmins wins face-off versus Nick Bjugstad in Blackdemons zone.
16:47 of 2nd period - Scott Timmins is hit by Johan Larsson.
17:22 of 2nd period - Wrist shot by Steven Goertzen.
17:22 of 2nd period - Shot Blocked by Matt Irwin.
17:24 of 2nd period - Wrist shot by Steven Goertzen.
17:24 of 2nd period - Shot Blocked by Enver Lisin.
17:34 of 2nd period - Wrist shot by Jack Skille.
17:34 of 2nd period - Shot Blocked by Matt Irwin.
17:36 of 2nd period - Wrist shot by Jack Skille.
17:36 of 2nd period - Stopped by Chris Mason with a rebound.
17:38 of 2nd period - Snap shot by Jack Skille.
17:38 of 2nd period - Shot Blocked by Matt Irwin.
17:50 of 2nd period - Snap shot by Matt Irwin.
17:50 of 2nd period - Deflect By Zach Boychuk.
17:50 of 2nd period - Stopped by Alexander Salak with a rebound.
18:00 of 2nd period - Wrist shot by Stanislav Chistov.
18:00 of 2nd period - Stopped by Chris Mason without a rebound.
18:01 of 2nd period - Shawn Matthias wins face-off versus Cody Hodgson in Blackdemons zone.
18:01 of 2nd period - Shawn Matthias is hit by Steven Goertzen.
18:12 of 2nd period - Minor Penalty to Steven Goertzen for Hooking.
18:13 of 2nd period - Shawn Matthias wins face-off versus Vernon Fiddler in Senators zone.
18:27 of 2nd period - Snap shot by Michael Haley.
18:27 of 2nd period - Shot Misses the Net.
18:29 of 2nd period - Slapshot by Matt Hunwick.
18:29 of 2nd period - Stopped by Alexander Salak with a rebound.
19:21 of 2nd period - Slapshot by Matt Hunwick.
19:21 of 2nd period - Stopped by Alexander Salak with a rebound.
19:23 of 2nd period - Slapshot by Jakub Kindl.
19:23 of 2nd period - Shot Misses the Net.
19:25 of 2nd period - Slapshot by Matt Hunwick.
19:25 of 2nd period - Shot Misses the Net.
19:57 of 2nd period - Snap shot by Zach Boychuk.
19:57 of 2nd period - Shot Misses the Net.
19:59 of 2nd period - Wrist shot by Matt Hunwick.
19:59 of 2nd period - Shot Misses the Net.
Goals for this period are 5 for Blackdemons vs 4 for Senators.
Shots for this period are 14 for Blackdemons vs 23 for Senators.
3rd period
0:01 of 3rd period - Wayne Primeau wins face-off versus Vernon Fiddler in neutral zone.
0:12 of 3rd period - Penalty to Steven Goertzen is over, Steven Goertzen is back on ice.
0:14 of 3rd period - Wrist shot by Enver Lisin.
0:14 of 3rd period - Shot Misses the Net.
0:16 of 3rd period - Slapshot by Jakub Kindl.
0:16 of 3rd period - Shot Misses the Net.
0:28 of 3rd period - Shawn Matthias is hit by Dylan Hunter and loses puck.
1:25 of 3rd period - Snap shot by Stanislav Chistov.
1:25 of 3rd period - Shot Misses the Net.
2:11 of 3rd period - Snap shot by Nick Bjugstad.
2:11 of 3rd period - Shot Blocked by Jakub Kindl.
2:43 of 3rd period - Minor Penalty to Scott Timmins for Hooking.
2:44 of 3rd period - Barry Tallackson wins face-off versus Vernon Fiddler in Blackdemons zone.
3:17 of 3rd period - Steven Goertzen is hit by Matt Hunwick.
4:43 of 3rd period - Penalty to Scott Timmins is over, Scott Timmins is back on ice.
5:07 of 3rd period - Wrist shot by Richard Park.
5:07 of 3rd period - Shot Misses the Net.
5:09 of 3rd period - Slapshot by Jakub Kindl.
5:09 of 3rd period - Stopped by Alexander Salak without a rebound.
5:10 of 3rd period - Enver Lisin wins face-off versus Nick Bjugstad in Senators zone.
5:15 of 3rd period - Backhand shot by Zach Boychuk.
5:15 of 3rd period - Stopped by Alexander Salak without a rebound.
5:16 of 3rd period - Patrice Cormier wins face-off versus Nick Bjugstad in Senators zone.
5:17 of 3rd period - Snap shot by Enver Lisin.
5:17 of 3rd period - Stopped by Alexander Salak without a rebound.
5:18 of 3rd period - Patrice Cormier wins face-off versus Nick Bjugstad in Senators zone.
5:23 of 3rd period - Snap shot by Enver Lisin.
5:23 of 3rd period - Stopped by Alexander Salak without a rebound.
5:24 of 3rd period - Vernon Fiddler wins face-off versus Patrice Cormier in Senators zone.
5:50 of 3rd period - Erik Karlsson is hit by Michael Haley and loses puck.
6:20 of 3rd period - Snap shot by Barry Tallackson.
6:20 of 3rd period - Shot Blocked by Logan Stephenson.
6:58 of 3rd period - Wrist shot by Shawn Matthias.
6:58 of 3rd period - Stopped by Alexander Salak without a rebound.
6:59 of 3rd period - Vernon Fiddler wins face-off versus Patrice Cormier in Senators zone.
7:43 of 3rd period - Off-side.
7:44 of 3rd period - Mark Olver wins face-off versus Scott Timmins in neutral zone.
8:02 of 3rd period - Minor Penalty to Mark Olver for Holding.
8:03 of 3rd period - Wayne Primeau wins face-off versus Vernon Fiddler in Senators zone.
8:05 of 3rd period - Snap shot by Enver Lisin.
8:05 of 3rd period - Shot Misses the Net.
8:09 of 3rd period - Snap shot by Zach Boychuk.
8:09 of 3rd period - Shot Misses the Net.
8:11 of 3rd period - Snap shot by Zach Boychuk.
8:11 of 3rd period - Stopped by Alexander Salak with a rebound.
8:13 of 3rd period - Wrist shot by Wayne Primeau.
8:13 of 3rd period - Stopped by Alexander Salak without a rebound.
8:14 of 3rd period - Vernon Fiddler wins face-off versus Wayne Primeau in Senators zone.
9:42 of 3rd period - Icing by Matt Irwin.
9:43 of 3rd period - Shawn Matthias wins face-off versus Vernon Fiddler in Blackdemons zone.
9:43 of 3rd period - Shawn Matthias is hit by Stanislav Chistov.
10:02 of 3rd period - Penalty to Mark Olver is over, Mark Olver is back on ice.
10:03 of 3rd period - Matt Hunwick is hit by Vernon Fiddler and loses puck.
10:14 of 3rd period - Snap shot by Matt Frattin.
10:14 of 3rd period - Deflect By Vernon Fiddler.
10:14 of 3rd period - Shot Blocked by Matt Hunwick.
10:14 of 3rd period - Puck is out of play.
10:15 of 3rd period - Cody Hodgson wins face-off versus Scott Timmins in Blackdemons zone.
10:36 of 3rd period - Minor Penalty to Patrick Wey for Tripping.
10:37 of 3rd period - Wayne Primeau wins face-off versus Vernon Fiddler in Senators zone.
10:48 of 3rd period - Wrist shot by Enver Lisin.
10:48 of 3rd period - Stopped by Alexander Salak with a rebound.
10:50 of 3rd period - Slapshot by Jakub Kindl.
10:50 of 3rd period - Deflect By Milan Jurcina.
10:50 of 3rd period - Stopped by Alexander Salak with a rebound.
10:52 of 3rd period - Slapshot by Jakub Kindl.
10:52 of 3rd period - Stopped by Alexander Salak with a rebound.
11:47 of 3rd period - Matt Hunwick is hit by Milan Jurcina and loses puck.
12:22 of 3rd period - Michael Haley is hit by Matt Frattin and loses puck.
12:36 of 3rd period - Penalty to Patrick Wey is over, Patrick Wey is back on ice.
12:46 of 3rd period - Jack Skille is hit by Mathieu Dandenault and loses puck.
13:35 of 3rd period - Wayne Primeau is hit by Mark Olver and loses puck.
14:09 of 3rd period - Andrew MacDonald is hit by Brett Sterling and loses puck.
14:35 of 3rd period - Wrist shot by Mark Olver.
14:35 of 3rd period - Stopped by Chris Mason without a rebound.
14:36 of 3rd period - Shawn Matthias wins face-off versus Stanislav Chistov in Blackdemons zone.
14:57 of 3rd period - Minor Penalty to Calvin de Haan for Hooking.
14:58 of 3rd period - Vernon Fiddler wins face-off versus Barry Tallackson in Blackdemons zone.
15:25 of 3rd period - Barry Tallackson is hit by Cody Hodgson and loses puck.
15:52 of 3rd period - Matt Irwin is hit by Shane Sims.
16:02 of 3rd period - Richard Park is hit by Sergei Kostitsyn and loses puck.
16:57 of 3rd period - Penalty to Calvin de Haan is over, Calvin de Haan is back on ice.
17:05 of 3rd period - Patrice Cormier is hit by Nick Bjugstad and loses puck.
17:20 of 3rd period - Johan Larsson is hit by Enver Lisin.
17:34 of 3rd period - Snap shot by Mark Olver.
17:34 of 3rd period - Stopped by Chris Mason without a rebound.
17:35 of 3rd period - Dylan Hunter wins face-off versus Scott Timmins in Blackdemons zone.
17:36 of 3rd period - Wrist shot by Jack Skille.
17:36 of 3rd period - Stopped by Chris Mason with a rebound.
17:38 of 3rd period - Slapshot by Logan Stephenson.
17:38 of 3rd period - Shot Misses the Net.
17:40 of 3rd period - Wrist shot by Jack Skille.
17:40 of 3rd period - Shot Misses the Net.
17:42 of 3rd period - Snap shot by Shane Sims.
17:42 of 3rd period - Deflect By Mathieu Dandenault.
17:42 of 3rd period - Stopped by Chris Mason with a rebound.
17:44 of 3rd period - Wrist shot by Dylan Hunter.
17:44 of 3rd period - Stopped by Chris Mason with a rebound.
17:46 of 3rd period - Wrist shot by Dylan Hunter.
17:46 of 3rd period - Shot Misses the Net.
17:48 of 3rd period - Snap shot by Shane Sims.
17:48 of 3rd period - Shot Blocked by Mathieu Dandenault.
17:50 of 3rd period - Slapshot by Logan Stephenson.
17:50 of 3rd period - Stopped by Chris Mason with a rebound.
18:17 of 3rd period - Slapshot by Andrew MacDonald.
18:17 of 3rd period - Shot Misses the Net.
18:33 of 3rd period - Minor Penalty to Eric Wellwood for Tripping.
18:34 of 3rd period - Stanislav Chistov wins face-off versus Barry Tallackson in Blackdemons zone.
18:41 of 3rd period - Wrist shot by Stanislav Chistov.
18:41 of 3rd period - Shot Blocked by Jakub Kindl.
18:43 of 3rd period - Snap shot by Vernon Fiddler.
18:43 of 3rd period - Shot Misses the Net.
18:45 of 3rd period - Backhand shot by Erik Karlsson.
18:45 of 3rd period - Stopped by Chris Mason without a rebound.
18:46 of 3rd period - Vernon Fiddler wins face-off versus Barry Tallackson in Blackdemons zone.
19:13 of 3rd period - Wrist shot by Steven Goertzen.
19:13 of 3rd period - Shot Misses the Net.
19:31 of 3rd period - Mathieu Dandenault is hit by Stanislav Chistov and loses puck.
Goals for this period are 0 for Blackdemons vs 0 for Senators.
Shots for this period are 10 for Blackdemons vs 7 for Senators.
Back to the Top